AoeStats
← AVAbest

Arena

510618176Analyzed
3v3 RM · 15h ago on Oct 1, 2026· 41m 27s· 6 players
Game mode
Random Map
Map size
Normal (6 player)
Population
200
Speed
Normal
Resources
Standard
Victory
Conquest
Starting age
Dark Age
Ending age
Imperial Age
RankedLock teamsTeams togetherTeam positionsShared explorationLock speedFull tech treeHidden civsTurbo modeCheats
Victory
Defeat
🇩🇪 Huns · Germany
818
+13
🇹🇷 Cumans · Türkiye
808
+13
🇦🇷 Burmese · Argentina
772
+14
🇺🇦 Britons · Ukraine
789
-15
🇺🇸 Poles · United States
729
-13
🇨🇳 Byzantines · China
704
-12
facudj
3:00 Loom
10:32 Feudal Age
11:49 Wheelbarrow
11:09 Gold Mining
13:25 Stone Mining
21:19 Castle Age
19:24 Scale Mail Armor
19:35 Horse Collar
20:12 Forging
20:43 Fletching
21:39 Padded Archer Armor
22:09 Heavy Plow
22:30 Pikeman
24:03 Elite Skirmisher
24:45 Bodkin Arrow
25:39 Caravan
27:47 Fortified Wall
30:09 Hand Cart
31:09 Town Watch
31:36 Scale Barding Armor
35:58 Imperial Age
34:27 Ballistics
34:19 Masonry
34:20 Husbandry
35:15 Crossbowman
37:41 Chemistry
38:03 Bracer
Börü 𐰋𐰇𐰼𐰇
8:03 Loom
11:42 Feudal Age
19:00 Castle Age
18:13 Double-Bit Axe
18:34 Stone Mining
22:13 Scale Barding Armor
22:19 Forging
23:11 Gold Mining
25:11 Bow Saw
27:45 Murder Holes
28:13 Caravan
29:20 Wheelbarrow
29:31 Gold Shaft Mining
29:23 Capped Ram
30:38 Horse Collar
34:58 Imperial Age
34:51 Hand Cart
35:18 Chain Barding Armor
34:51 Fletching
36:35 Ballistics
37:17 Chemistry
36:19 Steppe Husbandry
37:59 Conscription
37:04 Elite Steppe Lancer
38:07 Heavy Plow
39:44 Plate Barding Armor
39:11 Scale Mail Armor
39:52 Iron Casting
AVAbest
11:42 Feudal Age
16:12 Castle Age
14:15 Double-Bit Axe
14:23 Horse Collar
16:44 Wheelbarrow
19:31 Bow Saw
23:33 Heavy Plow
23:52 Marauders
25:59 Forging
27:18 Gold Mining
30:02 Imperial Age
27:59 Hand Cart
28:39 Bloodlines
28:30 Husbandry
29:23 Iron Casting
28:53 Scale Barding Armor
29:35 Gold Shaft Mining
32:02 Two-Man Saw
30:31 Elite Tarkan
31:31 Conscription
32:43 Blast Furnace
32:07 Chain Barding Armor
35:05 Plate Barding Armor
jotap07
0:29 Loom
12:48 Feudal Age
15:23 Double-Bit Axe
17:41 Castle Age
15:42 Horse Collar
16:14 Stone Mining
16:43 Gold Mining
18:25 Scale Mail Armor
20:16 Bow Saw
25:13 Ballistics
25:24 Heavy Plow
28:38 Stone Shaft Mining
34:54 Imperial Age
33:40 Szlachta Privileges
34:34 Forging
34:31 Scale Barding Armor
34:51 Murder Holes
36:44 Chemistry
36:35 Iron Casting
35:24 Elite Skirmisher
35:45 Cavalier
37:17 Conscription
36:36 Pikeman
40:06 Chain Barding Armor
plan4itos
11:41 Loom
13:26 Feudal Age
19:03 Castle Age
24:38 Imperial Age
22:10 Horse Collar
22:21 Double-Bit Axe
24:13 Fletching
27:53 Bodkin Arrow
28:53 Ballistics
29:56 Caravan
31:36 Bracer
31:38 Padded Archer Armor
36:22 Husbandry
37:20 Pikeman
伐木王
0:36 Loom
11:45 Feudal Age
12:43 Double-Bit Axe
12:40 Horse Collar
13:25 Gold Mining
20:04 Castle Age
19:28 Stone Mining
22:08 Stone Shaft Mining
22:10 Gold Shaft Mining
24:35 Heavy Plow
26:59 Treadmill Crane
27:49 Bow Saw
29:59 Fortified Wall
33:37 Imperial Age
35:55 Chemistry
39:20 Hoardings
39:37 Elite Cataphract
Connection lost

Rejoining the realm…

Still unreachable

The connection could not be restored.

Session expired

The server has moved on; the page needs a fresh start.